 Dungeon Crawl Stone Soup version 0.18.1-48-g4cf74bf (webtiles) character file.

86 Tokugawa the Shooter (level 4, -9/29 HPs)
             Began as a High Elf Hunter on Aug 3, 2016.
             Killed from afar by a goblin (38 damage)
             ... with an exploding inner flame
             ... hexed by the player character
             ... on level 3 of the Dungeon.
             The game lasted 00:28:39 (2207 turns).

Tokugawa the Shooter (High Elf Hunter)              Turns: 2207, Time: 00:28:39

Health: -9/29      AC:  6    Str: 12    XL:     4   Next: 27%
Magic:  5/5        EV: 10    Int: 17    God:
Gold:   174        SH:  0    Dex: 16    Spells: 0 memorised, 3 levels left

rFire  . . .     SeeInvis .     a - +1 shortbow
rCold  . . .     Gourm    .     e - +0 scale mail
rNeg   . . .     Faith    .     (shield currently unavailable)
rPois  .         Spirit   .     (no helmet)
rElec  .         Dismiss  .     (no cloak)
rCorr  .         Reflect  .     (no gloves)
SustAt .         Harm     .     (no boots)
MR     .....                    (no amulet)
Stlth  ..........               (no ring)
                                s - +3 ring of intelligence

@: not resistant to hostile enchantments, extremely unstealthy
A: no striking features
a: no special abilities


You were on level 3 of the Dungeon.
You were not hungry.

You visited 1 branch of the dungeon, and saw 3 of its levels.

You collected 174 gold pieces.

Inventory:

Hand Weapons
 a - a +1 shortbow (weapon)
 b - a +0 short sword
 i - a +0 hunting sling
 l - a +1 hunting sling of flaming
 m - a +5 short sword of venom
Missiles
 d - 10 arrows (quivered)
 n - 20 sling bullets
 r - 44 stones
Armour
 c - a +0 leather armour
 e - a +0 scale mail (worn)
 h - a +0 ring mail
Jewellery
 s - a +3 ring of intelligence (left hand)
Scrolls
 j - a scroll of remove curse {unknown}
 k - 3 scrolls of teleportation {unknown}
 o - 2 scrolls of identify {unknown}
 u - a scroll of amnesia {unknown}
Potions
 q - a potion of curing
Comestibles
 f - 4 bread rations
 t - a beef jerky


   Skills:
 + Level 2.2 Fighting
 + Level 7.1 Bows
 + Level 0.2 Throwing
 + Level 0.6 Armour
 + Level 2.5 Dodging
 + Level 1.1 Stealth


You had 3 spell levels left.
You didn't know any spells.

Dungeon Overview and Level Annotations

Branches:
Dungeon (3/15)

Altars:
Okawaru


Message History

There is a stone staircase leading down here.
Things that are here:
a short sword; a leather armour A goblin comes into view.
It is wielding a dagger of speed.
Read which item? (? for menu, Esc to quit)
As you read the scroll labeled NIHAM CYQEO, it crumbles to dust.
The creatures around you are filled with an inner flame!
It was a scroll of immolation.
Firing (i - inventory. (,) - cycle):
d - 11 arrows (quivered)
Press: ? - help, Shift-Dir - straight line, f - goblin
Aim: a goblin, wielding a dagger of speed (inner flame)
You shoot an arrow. The arrow misses the goblin.
Firing (i - inventory. (,) - cycle):
d - 10 arrows (quivered)
Press: ? - help, Shift-Dir - straight line, f/p - goblin
Aim: a goblin, wielding a dagger of speed (inner flame)
You shoot an arrow. The arrow hits the goblin.
The goblin explodes!
The fiery explosion engulfs you!
Ouch! That really hurt!
You die...

#.# #.# #.#### #.# #.....
#)# #.#### #.### ##.####
....# ## ....... .##.###
... ##.#### .##...# ..#
#.#### .##.#.##### ###§#
#.....
..........######@§§## #
######
#.......#.....#.§§§.##.#
#.........###........#.#
.........## #..........# #
...†.....####........### #
##.......#....#.....## #
##.......#.####....## #
#####.####.####.#.## # #
#..............############
#


There were no monsters in sight!

Vanquished Creatures
  3 adders
  An ooze (D:2)
  2 worms (D:3)
  2 dart slugs
  2 orcs (D:3)
  5 bats
  4 giant cockroaches
  5 goblins
  3 jackals (D:3)
  7 kobolds
  A quokka (D:3)
  3 ball pythons
  2 giant newts (D:2)
  4 rats
44 creatures vanquished.

Notes
Turn   | Place    | Note
--------------------------------------------------------------
     0 | D:1      | Tokugawa the High Elf Hunter began the quest for the Orb.
     0 | D:1      | Reached XP level 1. HP: 14/14 MP: 2/2
   491 | D:2      | Reached skill level 6 in Bows
   491 | D:2      | Reached XP level 2. HP: 19/19 MP: 3/3
   590 | D:2      | Reached XP level 3. HP: 23/24 MP: 4/4
   756 | D:2      | Found an iron altar of Okawaru.
  1684 | D:3      | Reached XP level 4. HP: 29/29 MP: 5/5
  1752 | D:3      | Reached skill level 7 in Bows
  2207 | D:3      | Killed from afar by a goblin

Skill      XL: |  1  2  3  4 |
---------------+-------------+-----
Bows           | 6 7 |  7.1
Fighting       | |  2.2
Throwing       | |  0.2
Armour         | |  0.6
Dodging        | |  2.5
Stealth        | |  1.1

Action                   |  1- 3 |  4- 6 || total
-------------------------+-------+-------++-------
Melee: Short sword       |     1 |       ||     1
 Fire: Shortbow          |   100 |    36 ||   136
Throw: Stone             |    26 |       ||    26
  Use: Potion            |     4 |       ||     4
       Scroll            |       |     1 ||     1
  Eat: Chunk             |     1 |     3 ||     4
Armor: Scale mail        |    18 |     1 ||    19
Dodge: Dodged            |    42 |     9 ||    51
